 Dungeon Crawl Stone Soup version 0.30-a0-218-gedb9141078 (webtiles) character file.

Game seed: 7505556124501278056

35 LnG the Caller (level 3, -4/19 HPs)
             Began as a Kobold Summoner on Oct 5, 2022.
             Slain by Natasha (6 damage)
             ... on level 2 of the Dungeon.
             The game lasted 00:02:45 (1317 turns).

LnG the Caller (Kobold Summoner)                    Turns: 1317, Time: 00:02:46

Health: -4/19      AC:  3    Str:  5    XL:     3   Next: 55%
Magic:  1/6        EV: 15    Int: 18    God:
Gold:   105        SH:  0    Dex: 15    Spells: 0/6 levels left

rFire   . . .      SeeInvis .    f - +0 dagger
rCold   . . .      Faith    .    (no shield)
rNeg    . . .      Spirit   .    a - +1 robe
rPois   .          Reflect  .    (no helmet)
rElec   .          Harm     .    (no cloak)
rCorr   .          Rampage  .    (no gloves)
Will    .....                    (no boots)
Stlth   +++.......               (no amulet)
HPRegen 0.23/turn                (no ring)
MPRegen 0.10/turn                (no ring)

@: no status effects
A: small, no large weapons, nightstalker 3
a: no special abilities


You were on level 2 of the Dungeon.
You visited 1 branch of the dungeon, and saw 2 of its levels.

You collected 105 gold pieces.

Inventory:

Hand Weapons
 f - a +0 dagger (weapon)
Armour
 a - a +1 robe (worn)
Scrolls
 g - a scroll of torment {unknown}
Potions
 b - a potion of magic
 c - a potion of heal wounds {unknown}
 d - a potion of haste
 h - a potion of berserk rage {unknown}


   Skills:
 + Level 0.2 Fighting
 + Level 2.6 Dodging
 * Level 3.6 Stealth
 + Level 2.4 Spellcasting
 + Level 4.5 Summonings


You couldn't memorise any spells.
You knew the following spells:

 Your Spells              Type           Power      Damage    Failure   Level
a - Summon Small Mammal   Summ           72%        N/A       2%          1
b - Call Imp              Summ           18%        N/A       4%          2
c - Call Canine Familiar  Summ           18%        N/A       8%          3

Your spell library contained the following spells:

 Spells                   Type           Power      Damage    Failure   Level
 Summon Guardian Golem    Hex/Summ       10%        N/A       21%         3
 Summon Lightning Spire   Summ/Air       10%        N/A       56%         4


Dungeon Overview and Level Annotations

Branches:
Dungeon (2/15)

Altars:

Annotations:
D:2 Natasha


Innate Abilities, Weirdness & Mutations

You are small and have problems with some larger weapons.
You are completely attuned to the shadows.


Message History

Your hound closely misses the crimson imp.
Natasha misses you.
Your hound bites the crimson imp but does no damage.
The crimson imp closely misses your hound.
You miss Natasha.
Natasha is lightly wounded.
Natasha misses you.
Your hound bites the crimson imp.
The crimson imp closely misses you.
You barely miss Natasha.
Natasha is lightly wounded.
Your hound misses the crimson imp. Natasha claws you.
Your hound bites the crimson imp.
The crimson imp misses you.
You closely miss Natasha.
Natasha is lightly wounded.
Natasha closely misses you.
Your hound barely misses the crimson imp.
The crimson imp barely misses you.
You closely miss Natasha.
Natasha is lightly wounded.
Your hound bites the crimson imp.
Natasha barely misses you.
Your hound bites the crimson imp.
The crimson imp closely misses you.
You hit Natasha.
Natasha is lightly wounded.
Natasha claws you.
Your hound barely misses the crimson imp.
The crimson imp hits you.
You hit Natasha but do no damage.
Natasha is lightly wounded.
Your hound closely misses the crimson imp.
Natasha claws you.
* * * LOW HITPOINT WARNING * * *
Your hound bites the crimson imp but does no damage.
The crimson imp hits you.
* * * LOW HITPOINT WARNING * * *
Your magical contamination has completely faded away.
You closely miss Natasha.
Natasha is lightly wounded.
Natasha extends her claws.
Natasha claws you.
You die...

#.#.+ ##...#
....h+ ...5h#
.....@+
.?....####
..........
..>...####
###..†.#
#.##....#
#.#####...
#.##.....# ##.
#.##.##..##...


You could see Natasha, a crimson imp (summoned, ally target) and a friendly
hound (summoned).

Vanquished Creatures
  A worm (D:2)
  2 dart slugs (D:1)
  2 bats
  An endoplasm (D:1)
  2 goblins (D:1)
  2 hobgoblins (D:1)
  A jackal (D:1)
  7 ball pythons (D:1)
  5 frilled lizards (D:1)
  A rat (D:1)
24 creatures vanquished.

Vanquished Creatures (collateral kills)
  A giant cockroach (D:1)
  A jackal (D:1)
  A kobold (D:1)
3 creatures vanquished.

Grand Total: 27 creatures vanquished

Notes
Turn   | Place    | Note
-------+----------+-------------------------------------------
     0 | D:1      | LnG the Kobold Summoner began the quest for the Orb.
     0 | D:1      | Reached XP level 1. HP: 10/10 MP: 3/3
   212 | D:1      | Reached XP level 2. HP: 15/15 MP: 1/5
   220 | D:1      | Learned a level 2 spell: Call Imp
   464 | D:1      | Reached XP level 3. HP: 19/19 MP: 6/6
   468 | D:1      | Learned a level 3 spell: Call Canine Familiar
  1049 | D:1      | Found a faded altar of an unknown god.
  1303 | D:2      | Noticed Natasha
  1317 | D:2      | Slain by Natasha

Illustrated notes

Levels and vault maps discovered:
D:1:      dpeg_arrival_prison, layout_loops_corners,
          shapermc_ecumenical_altar_mp_vishouse, nrook_loot_triangle
D:2:      layout_rooms, amcnicky_mini_corridor_feature, minmay_rat_gold_closets,
          uniq_natasha

Skill      XL: |  1  2 |
---------------+-------+-----
Stealth        | 3 |  3.6
Fighting       | |  0.2
Dodging        | |  2.6
Spellcasting   | |  2.4
Summonings     | |  4.5

Action                   || total
-------------------------++-------
Melee: Short sword       ||     5
       Dagger            ||    77
       Unarmed           ||     2
 Cast: Summon Small Mamm ||     4
       Call Imp          ||     1
       Call Canine Famil ||     1
  Use: Scroll            ||     5
 Stab: Sleeping          ||    13
Armor: Robe              ||     8
Dodge: Dodged            ||    52

Table legend: (Time is in decaauts)
 A = Elapsed time spent in this place.
 B = Non-inter-level travel time spent in this place.
 C = Inter-level travel time spent in this place.
 D = Time resting spent in this place.
 E = Time spent auto-exploring this place.
 F = Levels seen in this place.
 G = Mean time per level.
                   A        B        C        D        E       F      G
               +--------+--------+--------+--------+--------+-----+--------+
         Total |   1315 |   1281 |     34 |      0 |   1055 |   2 |  657.5 |
       Dungeon |   1315 |   1281 |     34 |      0 |   1055 |   2 |  657.5 |
               +--------+--------+--------+--------+--------+-----+--------+

Top non-repeatable levels by time:
     D:1: 1217 daAuts
     D:2: 98 daAuts
